 Dungeon Crawl Stone Soup version 0.26.1-15-g04117e645d (webtiles) character file.

Game seed: 11556734942064631922

1740 Froggeryz the Cleaver (level 9, -4/81 (84) HPs)
             Began as an Octopode Berserker on Mar 6, 2022.
             Was a Priest of Trog.
             Slain by Duvessa
             ... wielding a +2 rapier of protection
              (12 damage)
             ... on level 5 of the Dungeon.
             The game lasted 00:04:15 (5424 turns).

Froggeryz the Cleaver (Octopode Berserker)          Turns: 5424, Time: 00:04:16

HP:   -4/81 (84)    AC:  1    Str: 17    XL:     9   Next: 5%
MP:   9/9           EV: 14    Int:  9    God:    Trog [***...]
Gold: 266           SH:  5    Dex: 14    Spells: 8/8 levels left

rFire    . . .     SeeInvis .   a - +0 hand axe
rCold    . . .     Faith    .   (no shield)
rNeg     . . .     Spirit   .   (helmet restricted)
rPois    .         Reflect  +   j - amulet of reflection
rElec    .         Harm     .   p - ring of flight
rCorr    .         Rampage  .   (no ring)
Will     ++...                  (no ring)
Stlth    ..........             (no ring)
HPRegen  1.23/turn              (no ring)
MPRegen  0.11/turn              (no ring)
                                (no ring)
                                (no ring)

@: berserking, regenerating, lightly drained, very quick
A: almost no armour, stealthy swim, amphibious, 8 rings, constrict 8, camouflage
1, gelatinous body 1
a: Renounce Religion, Evoke Flight, Berserk, Trog's Hand


You were on level 5 of the Dungeon.
You worshipped Trog.
Trog was most pleased with you.
You visited 1 branch of the dungeon, and saw 5 of its levels.

You collected 266 gold pieces.

Inventory:

Hand Weapons
 a - a +0 hand axe (weapon)
 v - a +1 war axe of freezing
Missiles
 c - 65 poisoned darts (quivered)
Jewellery
 j - an amulet of reflection (around mantle)
 p - a ring of flight (left tentacle)
 w - a cursed amulet of faith
 A - an uncursed ring of see invisible {unknown}
 C - an uncursed ring of wizardry {unknown}
Wands
 s - a wand of random effects (22)
 B - a wand of disintegration (23)
Scrolls
 f - 2 scrolls of immolation {unknown}
 g - 3 scrolls of amnesia {unknown}
 i - a scroll of fear {unknown}
 l - 5 scrolls of remove curse {unknown}
 m - 3 scrolls of identify
 n - 2 scrolls of magic mapping {unknown}
 o - a scroll of teleportation {unknown}
 q - 2 scrolls of enchant weapon {unknown}
 t - a scroll of fog {unknown}
 y - a scroll of random uselessness {unknown}
Potions
 b - a potion of ambrosia {unknown}
 d - 2 potions of haste {unknown}
 e - 5 potions of flight {unknown}
 h - 2 potions of brilliance {unknown}
 k - a potion of cancellation {unknown}
 r - a potion of magic {unknown}
 u - a potion of degeneration {unknown}
 x - a potion of attraction {unknown}
 z - a potion of might {unknown}


   Skills:
 - Level 3.0 Fighting
 * Level 9.7 Axes
 + Level 4.9 Throwing
 - Level 3.0 Dodging
 - Level 5.3 Stealth


You had 8 spell levels left.
You didn't know any spells.
Your spell library was empty.

Dungeon Overview and Level Annotations

Branches:
Dungeon (5/15)             Temple (0/1) D:4

Altars:
Okawaru

Annotations:
D:5 Duvessa


Innate Abilities, Weirdness & Mutations

You cannot wear most types of armour.
You are very stealthy in the water. (Stealth+)
You are amphibious.
You can wear up to eight rings at the same time.
You can use your tentacles to constrict eight enemies at once.
Your skin changes colour to match your surroundings (Stealth+).
Your rubbery body absorbs attacks. (AC +1, EV +1)


Message History

You constrict Duvessa, but do no damage.
Duvessa hits you with a +2 rapier of protection!
You hit Duvessa. You squeeze Duvessa!
Duvessa is severely wounded.
You constrict Duvessa, but do no damage.
You hit Duvessa but do no damage. You squeeze Duvessa.
Duvessa is almost dead.
You constrict Duvessa, but do no damage.
Duvessa hits you with a +2 rapier of protection!!
* * * LOW HITPOINT WARNING * * *
You hit Duvessa but do no damage. Your squeeze misses Duvessa.
Duvessa is almost dead.
You constrict Duvessa.
Duvessa hits you with a +2 rapier of protection!
* * * LOW HITPOINT WARNING * * *
You hit Duvessa but do no damage.
Duvessa is almost dead.
You constrict Duvessa, but do no damage.
Duvessa hits you with a +2 rapier of protection!
You die...

#.#.# #.......
#.#.# #.......
#.#.# #.......
#.#.# #.......
#.#.#
###################
#.#.# #?........#
#.#.#
#..#.####.########
#.#.#
#..#.#............
##.#.#
#.@#.#....########
#..#.# #)e#.#...†#
#.##.# #..#.#....#
#.##)# #..#.#...†#
#.##.# ####.#....#
#.##.# #.#....#.###
#.##.#
#.#.....<.[..
#.##.#
#.#.#########
#.##.# #.#.........


You could see Duvessa (berserk, fast).

Vanquished Creatures
  Pikel (D:5)
  Grinder (D:3)
  Sigmund (D:4)
  An ice beast (D:5)
  2 ogres
  A centaur (D:5)
  A lemure (D:5)
  A scorpion (D:5)
  Dowan (D:5)
  A howler monkey (D:4)
  A hound (D:5)
  An orc priest (D:4)
  4 orc wizards
  An iguana (D:5)
  A worker ant (D:4)
  A hound skeleton (D:5)
  8 adders
  11 gnolls
  A shadow imp (D:5)
  A white imp (D:5)
  An ooze (D:3)
  An adder skeleton (D:5)
  A worm (D:2)
  2 dart slugs (D:1)
  2 leopard geckos
  4 orcs
  6 bats
  4 giant cockroaches
  6 goblins
  6 hobgoblins
  6 jackals
  A quokka (D:3)
  A ball python (D:1)
  3 frilled lizards
  10 kobolds
  12 rats
107 creatures vanquished.

Notes
Turn   | Place    | Note
-------+----------+-------------------------------------------
     0 | D:1      | Froggeryz the Octopode Berserker began the quest for the
                  | Orb.
     0 | D:1      | Reached XP level 1. HP: 16/16 MP: 1/1
   144 | D:1      | Reached skill level 1 in Stealth
   144 | D:1      | Reached XP level 2. HP: 20/21 MP: 2/2
   693 | D:1      | Reached XP level 3. HP: 26/26 MP: 3/3
   959 | D:2      | Reached skill level 4 in Axes
   975 | D:2      | Reached ** piety under Trog
  1185 | D:2      | Reached XP level 4. HP: 17/31 MP: 4/4
  1850 | D:2      | Reached XP level 5. HP: 23/36 MP: 5/5
  2198 | D:2      | Reached skill level 5 in Axes
  2534 | D:3      | Reached XP level 6. HP: 22/42 MP: 6/6
  2797 | D:3      | Noticed Grinder
  2800 | D:3      | Paralysed by Grinder for 2 turns
  2807 | D:3      | Killed Grinder
  2808 | D:3      | Reached skill level 6 in Axes
  2808 | D:3      | Reached skill level 5 in Stealth
  3000 | D:3      | Reached XP level 7. HP: 44/46 MP: 7/7
  3478 | D:4      | Reached *** piety under Trog
  3511 | D:4      | Reached skill level 1 in Throwing
  3517 | D:4      | Reached skill level 7 in Axes
  3752 | D:4      | Found a staircase to the Ecumenical Temple.
  3988 | D:4      | Found an iron altar of Okawaru.
  4029 | D:4      | Noticed Sigmund
  4048 | D:4      | Killed Sigmund
  4049 | D:4      | Reached XP level 8. HP: 52/52 MP: 8/8
  4464 | D:5      | Entered Level 5 of the Dungeon
  4482 | D:5      | Reached skill level 8 in Axes
  4806 | D:5      | Noticed Pikel
  4820 | D:5      | Killed Pikel
  4821 | D:5      | Reached skill level 9 in Axes
  5151 | D:5      | Reached XP level 9. HP: 50/56 MP: 9/9
  5409 | D:5      | Noticed Duvessa
  5409 | D:5      | Noticed Dowan
  5418 | D:5      | Killed Dowan
  5424 | D:5      | Slain by Duvessa

Illustrated notes

Levels and vault maps discovered:
D:1:      dpeg_arrival_tiny_a, layout_basic
D:2:      layout_basic
D:3:      layout_basic, uniq_grinder
D:4:      layout_basic, temple_doors_e, okawaru_ov_weapons_minmay, uniq_sigmund
D:5:      layout_basic, uniq_pikel, uniq_duvessa

Skill      XL: |  1  2  3  4  5  6  7  8 |
---------------+-------------------------+-----
Stealth        | 1 2 3 4 5 |  5.3
Axes           | 4 5 6 7 9 |  9.7
Throwing       | 2 4 |  4.9
Fighting       | |  3.0
Dodging        | |  3.0

Action                   |  1- 3 |  4- 6 |  7- 9 || total
-------------------------+-------+-------+-------++-------
Melee: Hand axe          |    57 |    83 |    97 ||   237
       Constrict         |    19 |    21 |    22 ||    62
       Tentacles         |    11 |    12 |    28 ||    51
Throw: Dart              |       |     6 |       ||     6
Invok: Berserk           |     1 |     4 |     7 ||    12
       Trog's Hand       |     1 |     1 |     2 ||     4
  Use: Scroll            |       |     1 |       ||     1
 Stab: Sleeping          |     2 |     3 |    10 ||    15
Armor: Skin              |     7 |     1 |     3 ||    11
Dodge: Dodged            |    51 |    67 |    35 ||   153
Block: Other             |       |    10 |    18 ||    28
       Reflection        |       |       |     3 ||     3
